 Dungeon Crawl Stone Soup version 0.31-a0-175-g9f7f995f2b (webtiles) character file.

Game seed: 12728590221401744496

66 qw the Chopper (level 4, -6/28 HPs)
             Began as a Gargoyle Fighter on June 16, 2023.
             Was an Initiate of Okawaru.
             Killed from afar by an oklob plant (21 damage)
             ... with a splash of acid
             ... on level 3 of the Dungeon.
             The game lasted 00:01:08 (1940 turns).

qw the Chopper (Gargoyle Fighter)                   Turns: 1940, Time: 00:01:08

Health: -6/28      AC: 10    Str: 21    XL:     4   Next: 15%
Magic:  4/4        EV:  7    Int:  9    God:    Okawaru [......]
Gold:   86         SH:  4    Dex:  9    Spells: 3/3 levels left

rFire   + . .        Y - +2 war axe (flame)
rCold   . . .        c - +0 buckler
rNeg    + . .        h - +0 chain mail
rPois   inf          a - +1 helmet
rElec   +            (no cloak)
rCorr   .            (no gloves)
SInv    .            (no boots)
Will    .....        g - amulet of faith Stlth
                     k - ring of protection from fire
HPRegen 0.24/turn    (no ring)
MPRegen 0.09/turn

%: faith
@: corroded
A: sickness immunity, AC +3, negative energy resistance 1, electricity
resistance, torment resistance 1, petrification resistance
a: Renounce Religion


You were on level 3 of the Dungeon.
You worshipped Okawaru.
Okawaru was noncommittal.
You visited 1 branch of the dungeon, and saw 3 of its levels.

You collected 86 gold pieces.


Innate Abilities, Weirdness & Mutations

You are immune to sickness and miasma.
Your stone body is resilient. (AC +3)
You are immune to poison.
You resist negative energy. (rN+)
You are resistant to electric shocks. (rElec)
You are resistant to unholy torment.
You are immune to petrification.


   Skills:
 - Level 3.2 Fighting
 + Level 3.9 Axes
 - Level 3.2 Armour
 - Level 3.2 Shields


You had 3 spell levels left.
You didn't know any spells.
Your spell library was empty.

Inventory:

Hand Weapons
 Y - a +2 war axe of flaming (weapon)
Armour
 a - a +1 helmet (worn)
 c - a +0 buckler (worn)
 h - a +0 chain mail (worn)
Jewellery
 g - an amulet of faith (around neck)
 k - a ring of protection from fire (left hand)
 p - an amulet of reflection
Scrolls
 n - a scroll of identify
 o - a scroll of torment {unknown}
Potions
 d - 2 potions of might
 e - 3 potions of cancellation
 f - 2 potions of heal wounds {unknown}
 i - a potion of haste
 j - a potion of curing {unknown}
 l - a potion of resistance {unknown}

Dungeon Overview and Level Annotations

Branches:
Dungeon (3/15)

Altars:
Fedhas
Okawaru

Annotations:
D:3 exclusion: oklob plant


Message History

Enter note:
Enter note:
Enter note:
Enter note:
Enter note:
Enter note:
Enter note: You slash the fungus!
The fungus begins to die.
The fungus is lightly damaged.
You hit the plant.
The plant begins to die.
You slash the plant! You hit the fungus.
The fungus is lightly damaged.
You hit the plant. x2
A nearby plant withers and dies.
You slash the fungus!
The fungus is lightly damaged.
You hit the plant.
A nearby fungus withers and dies.
A nearby plant withers and dies.
The oklob plant spits acid at you. The splash of acid hits you!
Ouch! That really hurt!
The acid corrodes you!
Enter note:
Enter note:
Enter note:
Enter note:
Enter note:
Enter note:
Enter note:
Enter note:
Enter note:
1939 ||| READING scroll labelled QANIGIH KEDUO.
As you read the scroll labelled QANIGIH KEDUO, it crumbles to dust.
It is a scroll of brand weapon.
Your +2 war axe is engulfed in flames!
Y - a +2 war axe of flaming (weapon)
1940 ||| DROPPING +0 mace.
You drop a +0 mace.
The oklob plant spits acid at you. The splash of acid hits you!!
Ouch! That really hurt!
You die... #.# #....).###### # #.# #......# ##.# #......# ###.)# ........# #....# ##......# #.#################### #.#P#PPP.PPPPPPP..P.P

#.#P#PP#PPP##.#..#.#PP#
#.#PPPPP#PPP#...@...P#
#.##PP#.PP.P#..#..P..P#
#.###PPP........#PP.#.#
#.##P#P..~~~~~..P#P.P.#
#.#P#P..~~~~~~~..#PPP##
#.#PP..~~~~~~~~~..PPPP#
#.###.~~~~~~~~~~~.PPPP#
#.###.~~~~...~~~~..#PP#
#.....~~~~._......PPP


You could see an oklob plant.

Vanquished Creatures
  An adder (D:2)
  2 dart slugs (D:1)
  An orc (D:3)
  4 bats
  6 endoplasms
  2 giant cockroaches
  6 goblins (D:1)
  4 hobgoblins
  6 kobolds
  3 quokkas
  2 ball pythons
  9 frilled lizards
  4 rats
50 creatures vanquished.

Notes
Turn   | Place    | Note
-------+----------+-------------------------------------------
     0 | D:1      | qw the Gargoyle Fighter began the quest for the Orb.
     0 | D:1      | Reached XP level 1. HP: 14/14 MP: 1/1
     0 | D:1      | 0 ||| qw: Version: 0.2-a-29-g511e9b1
     0 | D:1      | 0 ||| qw: Game counter: 5728
     0 | D:1      | 0 ||| qw: Always use a shield: true
     0 | D:1      | 0 ||| qw: God list: Okawaru
     0 | D:1      | 0 ||| qw: Allow faded altars: false
     0 | D:1      | 0 ||| qw: Do Orc after D:15 true
     0 | D:1      | 0 ||| qw: Do second Lair branch before Depths: true
     0 | D:1      | 0 ||| qw: Lair rune preference: random
     0 | D:1      | 0 ||| qw: Plans: Normal, Zot:1-4, Slime:5, God:TSO, Crypt,
                  | Tomb, Abyss, Pan, Hells, Win
     0 | D:1      | 0 ||| PLANNING D:1-11
    38 | D:1      | 38 ||| Stepping ~*~*~tactically~*~*~ (stealth).
    40 | D:1      | 40 ||| Stepping ~*~*~tactically~*~*~ (stealth).
    41 | D:1      | 41 ||| Stepping ~*~*~tactically~*~*~ (stealth).
    42 | D:1      | 42 ||| Stepping ~*~*~tactically~*~*~ (stealth).
    71 | D:1      | Reached XP level 2. HP: 19/19 MP: 2/2
    73 | D:1      | 73 ||| Stepping ~*~*~tactically~*~*~ (stealth).
   138 | D:1      | 138 ||| Stepping ~*~*~tactically~*~*~ (stealth).
   270 | D:1      | 270 ||| DROPPING +0 club.
   346 | D:1      | Reached skill level 3 in Axes
   360 | D:1      | Reached XP level 3. HP: 23/23 MP: 3/3
   383 | D:1      | 383 ||| Stepping ~*~*~tactically~*~*~ (hiding).
   674 | D:1      | 674 ||| UPGRADING to +0 chain mail.
   684 | D:1      | 684 ||| DROPPING +0 scale mail.
   685 | D:1      | 685 ||| UPGRADING to amulet of faith.
   690 | D:1      | 690 ||| UPGRADING to ring of protection from fire.
   691 | D:1      | 691 ||| READING scroll labelled XIOFIM ESMIV.
   692 | D:1      | 692 ||| READING scroll labelled PAREJ SY PAPT.
   885 | D:2      | 885 ||| Stepping ~*~*~tactically~*~*~ (stealth).
   886 | D:2      | 886 ||| Stepping ~*~*~tactically~*~*~ (stealth).
   887 | D:2      | 887 ||| Stepping ~*~*~tactically~*~*~ (stealth).
   923 | D:2      | Found a faded altar of an unknown god.
   942 | D:2      | 942 ||| Stepping ~*~*~tactically~*~*~ (stealth).
   944 | D:2      | 944 ||| Stepping ~*~*~tactically~*~*~ (stealth).
  1002 | D:2      | Found an iron altar of Okawaru.
  1003 | D:2      | 1003 ||| PLANNING OKAWARU WORSHIP
  1003 | D:2      | 1003 ||| UPGRADING to +1 helmet.
  1008 | D:2      | 1008 ||| READING 2 scrolls labelled PUAQAU RORAUVAWN.
  1009 | D:2      | 1009 ||| READING scroll of enchant weapon.
  1009 | D:2      | 1009 ||| ENCHANTING +1 war axe.
  1010 | D:2      | 1010 ||| DRINKING 4 puce potions.
  1018 | D:2      | Became a worshipper of Warmaster Okawaru
  1019 | D:2      | 1019 ||| PLANNING D:1-11
  1197 | D:2      | Reached XP level 4. HP: 26/28 MP: 4/4
  1459 | D:2      | 1459 ||| DROPPING ring of wizardry.
  1460 | D:2      | 1460 ||| READING scroll labelled FAPUPN NIGUPIT.
  1461 | D:2      | 1461 ||| READING scroll labelled NUAMIA XUANLAI.
  1462 | D:2      | 1462 ||| READING scroll labelled MOSKEHI DEUCA.
  1463 | D:2      | 1463 ||| DRINKING 2 fizzy cyan potions.
  1551 | D:3      | 1551 ||| Stepping ~*~*~tactically~*~*~ (stealth).
  1552 | D:3      | 1552 ||| Stepping ~*~*~tactically~*~*~ (stealth).
  1911 | D:3      | Found a blossoming altar of Fedhas.
  1925 | D:3      | Noticed an oklob plant
  1939 | D:3      | 1939 ||| READING scroll labelled QANIGIH KEDUO.
  1940 | D:3      | 1940 ||| DROPPING +0 mace.
  1940 | D:3      | Killed from afar by an oklob plant

Levels and vault maps discovered:
D:1:      spicycebolla_arrival_clurvy, layout_basic
D:2:      layout_basic, shapermc_ecumenical_altar_flowoftime, basic_altar,
          minmay_tromino_i4
D:3:      layout_basic, tgw_fedhas

Skill      XL: |  1  2 |
---------------+-------+-----
Axes           | 2 3 |  3.9
Fighting       | |  3.2
Armour         | |  3.2
Shields        | |  3.2

Action                     |  1- 3 |  4- 6 || total
---------------------------+-------+-------++-------
  Melee: War axe           |   125 |    21 ||   146
    Use: Scroll            |     4 |     4 ||     8
         Potion            |     1 |     1 ||     2
 Armour: Scale mail        |    31 |       ||    31
         Chain mail        |    33 |       ||    33
  Dodge: Dodged            |    50 |     3 ||    53
  Block: Buckler           |    17 |     3 ||    20

Table legend:
 A = Non-vault XP
 B = Vault XP
 C = Vault XP percentage of total XP
 D = Non-vault monster count
 E = Vault monster count
 F = Vault count percentage of total count
                 A         B        C        D         E       F
            +---------+---------+-------+---------+---------+-------
      Total |      77 |      18 |  18.9 |      46 |       4 |   8.0
            +---------+---------+-------+---------+---------+-------
        D:1 |      52 |       0 |   0.0 |      30 |       0 |   0.0
        D:2 |      14 |      18 |  56.2 |      10 |       4 |  28.6
        D:3 |      11 |       0 |   0.0 |       6 |       0 |   0.0
            +---------+---------+-------+---------+---------+-------
